AoeStats
← clau

Lombardia

507411018Analyzed
4v4 RM · 16d ago on Sep 18, 2026· 62m 11s· 8 players
Game mode
Random Map
Map size
Large (8 player)
Population
200
Speed
Normal
Resources
Standard
Victory
Conquest
Starting age
Dark Age
Ending age
Imperial Age
RankedLock teamsTeams togetherTeam positionsShared explorationLock speedFull tech treeHidden civsTurbo modeCheats
Victory
Defeat
🇴🇲 Persians · Oman
878
+16
🇮🇳 Ethiopians · India
844
+18
🇲🇽 Berbers · Mexico
818
+19
🇺🇸 Bohemians · United States
798
+19
🇨🇱 Goths · Chile
1000
-82
🇨🇱 Lithuanians · Chile
993
-22
🇨🇱 Vietnamese · Chile
756
-13
🇨🇱 Hindustanis · Chile
755
-13
Mike Ehrmantraut
1:23 Loom
13:20 Feudal Age
14:35 Horse Collar
14:45 Double-Bit Axe
21:44 Castle Age
20:14 Bloodlines
20:20 Forging
24:16 Iron Casting
23:46 Scale Barding Armor
23:05 Light Cavalry
23:46 Husbandry
23:43 Gold Mining
23:44 Stone Mining
24:09 Heavy Plow
24:25 Bow Saw
26:35 Wheelbarrow
27:13 Gold Shaft Mining
27:07 Town Watch
27:30 Fletching
29:30 Chain Barding Armor
29:08 Bodkin Arrow
30:36 Hand Cart
32:54 Stone Shaft Mining
33:34 Caravan
34:05 Coinage
37:31 Imperial Age
36:11 Murder Holes
36:37 Ballistics
36:28 Masonry
37:50 Devotion
38:24 Elite War Elephant
40:56 Hoardings
41:23 Banking
42:50 Crop Rotation
44:27 Blast Furnace
44:03 Plate Barding Armor
48:55 Chemistry
48:26 Architecture
49:28 Faith
58:01 Citadels
58:12 Conscription
vl TWN lv
2:13 Loom
11:29 Feudal Age
12:03 Double-Bit Axe
12:15 Gold Mining
12:53 Horse Collar
20:13 Castle Age
18:46 Bloodlines
18:35 Fletching
18:46 Padded Archer Armor
21:56 Wheelbarrow
22:43 Bow Saw
22:45 Heavy Plow
23:01 Town Watch
25:03 Gold Shaft Mining
25:02 Stone Mining
26:19 Husbandry
27:37 Forging
29:00 Thumb Ring
29:39 Hand Cart
29:31 Town Patrol
30:30 Ballistics
30:19 Kasbah
31:42 Bodkin Arrow
31:55 Scale Barding Armor
32:18 Caravan
34:21 Leather Archer Armor
34:27 Chain Barding Armor
34:43 Iron Casting
37:33 Stone Shaft Mining
39:47 Imperial Age
39:58 Heavy Camel Rider
40:02 Elite Camel Archer
41:07 Bracer
41:38 Ring Archer Armor
42:09 Blast Furnace
43:15 Plate Barding Armor
43:40 Elite Genitour
45:35 Chemistry
44:42 Siege Engineers
44:49 Masonry
45:49 Conscription
49:04 Maghrebi Camels
Narendra Nooby
10:55 Feudal Age
12:21 Double-Bit Axe
15:17 Castle Age
13:14 Horse Collar
13:29 Fletching
14:11 Padded Archer Armor
15:55 Bodkin Arrow
15:57 Loom
15:34 Crossbowman
25:00 Gold Mining
29:43 Wheelbarrow
32:36 Squires
32:39 Scale Mail Armor
32:49 Forging
34:03 Forging
34:08 Chain Mail Armor
37:21 Bow Saw
37:17 Heavy Plow
38:51 Iron Casting
38:32 Chain Mail Armor
42:50 Imperial Age
42:06 Leather Archer Armor
42:06 Chain Mail Armor
42:01 Thumb Ring
42:45 Hand Cart
44:00 Conscription
44:17 Gold Shaft Mining
43:32 Stone Mining
43:53 Bracer
44:23 Ring Archer Armor
43:26 Arbalester
44:03 Stone Mining
45:01 Ring Archer Armor
44:59 Ballistics
45:39 Chemistry
46:25 Stone Shaft Mining
47:11 Fortified Wall
46:56 Murder Holes
48:06 Blast Furnace
53:00 Heavy Scorpion
55:05 Two-Man Saw
54:19 Torsion Engines
56:21 Siege Engineers
56:27 Masonry
62:00 Architecture
Dr. Fishy
3:03 Loom
13:10 Feudal Age
14:39 Wheelbarrow
13:51 Double-Bit Axe
13:49 Horse Collar
14:23 Town Watch
21:53 Castle Age
23:17 Bow Saw
23:08 Heavy Plow
23:30 Hand Cart
24:23 Town Patrol
25:31 Chemistry
24:20 Treadmill Crane
24:45 Fletching
24:55 Padded Archer Armor
27:57 Bodkin Arrow
28:17 Leather Archer Armor
28:52 Masonry
28:17 Pikeman
29:31 Scale Mail Armor
32:39 Fervor
36:10 Squires
36:27 Chain Mail Armor
36:23 Forging
37:33 Town Patrol
37:21 Arson
38:04 Ballistics
38:54 Masonry
38:43 Murder Holes
40:10 Wagenburg Tactics
44:10 Imperial Age
42:21 Iron Casting
42:18 Sanctity
45:14 Hussite Reforms
44:31 Elite Hussite Wagon
45:34 Conscription
45:17 Bracer
45:47 Plate Mail Armor
44:50 Halberdier
46:34 Blast Furnace
47:04 Ring Archer Armor
48:38 Houfnice
Sir Rorros Darle
7:01 Loom
10:33 Feudal Age
11:20 Double-Bit Axe
11:40 Horse Collar
15:36 Gold Mining
17:09 Bloodlines
17:45 Scale Barding Armor
17:51 Forging
22:51 Castle Age
22:07 Fletching
22:18 Padded Archer Armor
24:44 Wheelbarrow
24:15 Husbandry
26:38 Iron Casting
28:33 Chain Barding Armor
28:50 Fervor
29:55 Man-at-Arms
33:31 Long Swordsman
34:41 Sanctity
34:45 Caravan
36:12 Scale Mail Armor
38:03 Hand Cart
38:21 Chain Mail Armor
38:02 Bodkin Arrow
38:23 Leather Archer Armor
38:17 Stone Mining
42:18 Imperial Age
39:34 Town Watch
40:45 Stone Shaft Mining
41:03 Pikeman
41:45 Squires
41:32 Arson
43:21 Ballistics
44:02 Chemistry
42:44 Treadmill Crane
43:41 Plate Barding Armor
42:44 Light Cavalry
43:40 Cavalier
44:32 Halberdier
46:26 Block Printing
45:39 Winged Hussar
46:52 Onager
48:40 Illumination
49:09 Thumb Ring
48:24 Elite Skirmisher
50:17 Imperial Skirmisher
56:01 Bracer
58:10 Fortified Wall
58:12 Masonry
57:59 Murder Holes
59:15 Ring Archer Armor
61:44 Conscription
clau
11:30 Feudal Age
15:06 Double-Bit Axe
17:16 Wheelbarrow
22:50 Castle Age
21:02 Padded Archer Armor
20:53 Fletching
21:31 Horse Collar
24:30 Hand Cart
24:19 Heavy Plow
24:32 Bow Saw
24:15 Stone Mining
24:16 Gold Mining
27:07 Bodkin Arrow
27:29 Leather Archer Armor
30:43 Loom
38:25 Imperial Age
37:48 Forging
39:49 Paper Money
38:51 Elite Rattan Archer
40:31 Ballistics
40:22 Fortified Wall
40:08 Murder Holes
41:14 Chemistry
43:34 Thumb Ring
42:50 Elite Skirmisher
46:10 Imperial Skirmisher
47:43 Pikeman
48:25 Squires
48:11 Arson
48:58 Halberdier
Ignacho0
5:08 Loom
10:17 Feudal Age
15:58 Castle Age
14:19 Double-Bit Axe
15:21 Horse Collar
15:46 Stone Mining
17:01 Heavy Plow
19:22 Town Watch
21:28 Scale Mail Armor
23:04 Arson
23:20 Squires
24:15 Forging
29:27 Wheelbarrow
34:02 Imperial Age
32:12 Hand Cart
33:21 Bloodlines
33:12 Husbandry
33:20 Scale Barding Armor
34:08 Bow Saw
34:45 Chain Barding Armor
35:01 Iron Casting
35:53 Iron Casting
35:09 Fletching
35:45 Squires
36:24 Plate Barding Armor
35:58 Heavy Camel Rider
37:14 Grand Trunk Road
39:46 Bodkin Arrow
39:52 Padded Archer Armor
40:07 Imperial Camel Rider
41:44 Ballistics
42:25 Chemistry
43:30 Shatagni
45:14 Chain Mail Armor
46:00 Blast Furnace
44:23 Pikeman
47:24 Elite Skirmisher
48:10 Thumb Ring
48:27 Leather Archer Armor
48:12 Bracer
49:21 Elite Ghulam
50:33 Elite Ghulam
52:30 Hoardings
52:45 Imperial Skirmisher
54:15 Town Patrol
54:42 Bracer
55:13 Ring Archer Armor
le succ
10:34 Feudal Age
22:53 Castle Age
20:40 Man-at-Arms
25:30 Pikeman
26:53 Squires
31:14 Bloodlines
33:03 Long Swordsman
34:46 Wheelbarrow
37:49 Anarchy
40:04 Scale Mail Armor
45:57 Loom
46:42 Forging
54:57 Caravan
56:07 Light Cavalry
60:24 Imperial Age
57:51 Fletching
59:00 Husbandry
Connection lost

Rejoining the realm…

Still unreachable

The connection could not be restored.

Session expired

The server has moved on; the page needs a fresh start.